 Dungeon Crawl Stone Soup version 0.21.1-1-g345015fe64 (webtiles) character file.

606 Jannitor the Skirmisher (level 7, -3/64 HPs)
             Began as a Hill Orc Enchanter on June 11, 2018.
             Was an Initiate of Beogh.
             Slain by a black bear (8 damage)
             ... on level 6 of the Dungeon.
             The game lasted 00:07:31 (5868 turns).

Jannitor the Skirmisher (Hill Orc Enchanter)        Turns: 5868, Time: 00:07:32

Health: -3/64      AC:  6    Str: 13    XL:     7   Next: 42%
Magic:  9/9        EV: 10    Int: 17    God:    Beogh [......]
Gold:   221        SH:  0    Dex: 11    Spells: 8/9 levels left

rFire    . . .     SeeInvis .   a - +0 quarterstaff
rCold    . . .     Gourm    .   (shield currently unavailable)
rNeg     . . .     Faith    .   e - +0 ring mail
rPois    .         Spirit   .   (no helmet)
rElec    .         Reflect  .   (no cloak)
rCorr    .         Harm     .   (no gloves)
MR       .....                  (no boots)
Stlth    +.........             (no amulet)
HPRegen  0.20/turn              w - +2 ring of intelligence
MPRegen  0.11/turn              (no ring)

@: very slightly contaminated
A: no striking features
a: Renounce Religion


You were on level 6 of the Dungeon.
You worshipped Beogh.
Beogh was noncommittal.
You were very hungry.

You visited 2 branches of the dungeon, and saw 7 of its levels.

You collected 221 gold pieces.

Inventory:

Hand Weapons
 a - a +0 quarterstaff (weapon)
 b - a +0 hunting sling
 j - a +1 dagger
Missiles
 g - 31 sling bullets
 k - 107 stones (quivered)
Armour
 e - a +0 ring mail (worn)
 u - a +0 robe
Jewellery
 i - an uncursed ring of fire
 w - a +2 ring of intelligence (left hand)
Wands
 n - a wand of iceblast (5)
 v - a wand of disintegration (13)
Scrolls
 f - a scroll of amnesia
 h - 2 scrolls of identify
 l - a scroll of remove curse
 p - a scroll of teleportation
 r - a scroll of magic mapping
Books
 c - a book of Maledictions

   Spells                             Type                      Level
   a - Corona                         Hexes                        1
   b - Ensorcelled Hibernation        Hexes/Ice                    2
   c - Confuse                        Hexes                        3
   d - Tukima's Dance                 Hexes                        3
   e - Dazzling Spray                 Conjuration/Hexes            3
Comestibles
 d - 7 rations


   Skills:
 + Level 6.4 Fighting
 - Level 1.0 Short Blades
 + Level 5.8 Armour
 - Level 1.5 Dodging
 - Level 2.4 Stealth
 - Level 1.5 Spellcasting
 - Level 3.0 Hexes


You had 8 spell levels left.
You knew the following spells:

 Your Spells              Type           Power        Failure   Level  Hunger
a - Corona                Hex            ##.....      12%         1    ##.....


Dungeon Overview and Level Annotations

Branches:
Dungeon (6/15)             Temple (1/1) D:5

Altars:
Ashenzari
Cheibriados
Dithmenos
Fedhas
Gozag
Hepliaklqana
Kikubaaqudgha
Makhleb
Nemelex Xobeh
Okawaru
Qazlal
Ru
Sif Muna
Trog
Uskayaw
Vehumet
Wu Jian
Xom
Yredelemnul
Zin
The Shining One

Annotations:
D:4 Eustachio


Message History

The black bear barely misses you. The black bear bites you.
The black bear closely misses you. The black bear claws you.
You barely miss the black bear.
The black bear is severely wounded.
The black bear bites you!
* * * LOW HITPOINT WARNING * * *
The black bear claws you but does no damage.
The black bear claws you.
* * * LOW HITPOINT WARNING * * *
The black bear bites you.
* * * LOW HITPOINT WARNING * * *
The black bear closely misses you. The black bear barely misses you.
You sock the black bear!
The black bear is almost dead.
The black bear closely misses you. The black bear claws you.
* * * LOW HITPOINT WARNING * * *
The black bear claws you.
* * * LOW HITPOINT WARNING * * *
The black bear bites you!
You die...

.. ... #.#######
#.......###
#[.$......
###.......#
.......<@.######
#......h.....%..
#.....%..#######
#..♣.........#
..........##.#
.$.>......# .#
..:....#### #
#♣...♣. #...##


You could see a black bear (berserk).

Vanquished Creatures
  2 ogres (D:5)
  2 crimson imps (D:5)
  2 hounds (D:5)
  2 orc wizards (D:3)
  An iguana (D:4)
  2 worker ants (D:5)
  A hound skeleton (D:5)
  3 gnolls (D:3)
  5 adders
  An ooze (D:1)
  An adder zombie (D:5)
  4 worms
  A dart slug (D:2)
  A leopard gecko (D:1)
  8 orcs
  8 giant cockroaches
  11 goblins
  5 hobgoblins (D:1)
  A quokka (D:3)
  3 ball pythons
  5 bats
  4 frilled lizards
  2 kobolds
  A quokka skeleton (D:5)
  A quokka zombie (D:6)
  2 rats
79 creatures vanquished.

Vanquished Creatures (others)
  An orc priest (D:4)
  A worker ant (D:4)
  2 orcs (D:4)
4 creatures vanquished.

Grand Total: 83 creatures vanquished

Notes
Turn   | Place    | Note
-------+----------+-------------------------------------------
     0 | D:1      | Jannitor the Hill Orc Enchanter began the quest for the Orb.
     0 | D:1      | Reached XP level 1. HP: 14/14 MP: 3/3
    80 | D:1      | Reached skill level 1 in Fighting
    85 | D:1      | Reached skill level 1 in Armour
    92 | D:1      | Reached XP level 2. HP: 11/23 MP: 4/4
   926 | D:1      | Reached skill level 2 in Fighting
   942 | D:1      | Reached XP level 3. HP: 16/29 MP: 5/5
  1927 | D:2      | Reached XP level 4. HP: 36/37 MP: 6/6
  2264 | D:3      | Reached skill level 3 in Fighting
  2471 | D:3      | Reached XP level 5. HP: 12/46 MP: 7/7
  2491 | D:3      | Reached skill level 4 in Fighting
  3537 | D:3      | Found a faded altar of an unknown god.
  3918 | D:4      | Became a worshipper of Beogh the Brigand
  3923 | D:4      | Reached XP level 6. HP: 26/53 MP: 8/8
  4261 | D:4      | Noticed Eustachio
  4270 | D:5      | Entered Level 5 of the Dungeon
  4282 | D:5      | Reached skill level 5 in Fighting
  4596 | D:5      | Reached skill level 5 in Armour
  5033 | D:5      | Reached XP level 7. HP: 60/62 MP: 9/9
  5324 | D:5      | Found a staircase to the Ecumenical Temple.
  5333 | Temple   | Entered the Ecumenical Temple
  5660 | D:5      | Reached skill level 6 in Fighting
  5868 | D:6      | Slain by a black bear

Skill      XL: |  1  2  3  4  5  6  7 |
---------------+----------------------+-----
Fighting       | 1 2 3 4 5 6 |  6.4
Armour         | 1 2 3 4 5 |  5.8
Short Blades   | |  1.0
Dodging        | |  1.5
Stealth        | |  2.4
Spellcasting   | |  1.5
Hexes          | |  3.0

Action                   |  1- 3 |  4- 6 |  7- 9 || total
-------------------------+-------+-------+-------++-------
Melee: Dagger            |   111 |       |       ||   111
       Quarterstaff      |    36 |   197 |    38 ||   271
 Fire: Hunting sling     |       |     5 |       ||     5
Invok: Convert to Beogh  |       |     1 |       ||     1
Evoke: Wand              |       |     4 |     1 ||     5
  Use: Potion            |       |     5 |     2 ||     7
       Scroll            |       |       |     6 ||     6
 Stab: Sleeping          |     2 |       |       ||     2
  Eat: Chunk             |     1 |     7 |       ||     8
       Ration            |     1 |       |     1 ||     2
Armor: Robe              |     4 |       |       ||     4
       Ring mail         |    39 |    74 |    29 ||   142
       Skin              |       |       |     2 ||     2
Dodge: Dodged            |    72 |   123 |    51 ||   246
